 Dungeon Crawl Stone Soup version 0.18-a0-1514-g6ed9364 (webtiles) character file.

257 dvd the Changer (level 5, 0/22 HPs)
             Began as a Felid Transmuter on Mar 6, 2016.
             Slain by Natasha (8 damage)
             ... on level 3 of the Dungeon.
             The game lasted 00:09:45 (3385 turns).

dvd the Changer (Felid Transmuter)                  Turns: 3385, Time: 00:09:46

Health: 0/22       AC:  2    Str:  6    XL:     5   Next: 93%
Magic:  9/11       EV: 24    Int: 15    God:
Gold:   110        SH:  0    Dex: 26    Spells: 2 memorised, 7 levels left
                                        Lives:  0   Deaths: 1

rFire  . . .     SeeInvis +       - Unarmed
rCold  . . .     Gourm    .     (armour unavailable)
rNeg   . . .     Faith    .     (shield unavailable)
rPois  .         Spirit   .     (helmet unavailable)
rElec  .         Dismiss  .     (cloak unavailable)
rCorr  .         Reflect  .     (gloves unavailable)
SustAt .         Harm     .     (boots unavailable)
MR     .....                    (no amulet)
Stlth  +++.......               n - ring of poison resistance
                                h - +4 ring of dexterity

@: spider-form (expiring), not resistant to hostile enchantments, fairly
stealthy
A: no armour, no weapons or thrown items, (claws 0), (fangs 0), see invisible,
carnivore 3, (speed 0), (shaggy fur 0), slow metabolism 1, (sharp paws)
a: End Transformation


You were on level 3 of the Dungeon.
You were completely stuffed.
You were a venomous arachnid creature.
You visited 1 branch of the dungeon, and saw 3 of its levels.

You collected 110 gold pieces.

Inventory:

Missiles
 a - 12 arrows
Jewellery
 h - a +4 ring of dexterity (left front leg)
 n - a ring of poison resistance (right front leg)
Scrolls
 d - 2 scrolls of enchant weapon {unknown}
 i - 2 scrolls of magic mapping {unknown}
 j - 2 scrolls of teleportation {unknown}
 k - 2 scrolls of fog {unknown}
 l - 2 scrolls of random uselessness {unknown}
 o - a scroll of blinking {unknown}
 p - 2 scrolls of identify {unknown}
 r - a scroll of remove curse {unknown}
Potions
 e - 3 potions of heal wounds {unknown}
 f - a potion of haste {unknown}
 g - a potion of lignification {unknown}
 m - a potion of cure mutation {unknown}
Books
 b - a book of Changes

   Spells                             Type                      Level
   a - Beastly Appendage              Transmutation                1
   b - Sticks to Snakes               Transmutation                2
   c - Spider Form                    Transmutation/Poison         3
   d - Ice Form                       Ice/Transmutation            4
   e - Blade Hands                    Transmutation                5
Comestibles
 c - 3 meat rations
 q - a royal jelly
 s - 4 chunks of flesh


   Skills:
 + Level 2.1 Fighting
 + Level 3.9 Dodging
 + Level 1.1 Stealth
 + Level 3.9 Unarmed Combat
 * Level 3.6 Spellcasting
 * Level 4.4 Transmutations
 + Level 0.3 Poison Magic


You had 7 spell levels left.
You knew the following spells:

 Your Spells              Type           Power        Failure   Level  Hunger
a - Beastly Appendage     Trmt           ###...       12%         1    None
b - Spider Form           Trmt/Pois      #.........   45%         3    ###....


Dungeon Overview and Level Annotations

Branches:
Dungeon (3/15)

Altars:
Pakellas

Annotations:
D:3 Natasha


Innate Abilities, Weirdness & Mutations

You cannot wear armour.
You are incapable of wielding weapons or throwing items.
((You have sharp claws.))
((You have razor-sharp teeth.))
You have supernaturally acute eyesight.
You are carnivorous and can eat meat at any time.
((You cover ground quickly.))
((You are covered in fur (AC +1).))
You have a slow metabolism.
((Your sharp claws are effective at attacking unaware monsters.))


Message History

A hobgoblin comes into view.
You hit Natasha.
Natasha looks even sicker.
Natasha is moderately wounded.
Natasha casts a spell at you. The magic dart hits you!
The hobgoblin moves out of view.
You closely miss Natasha.
Natasha is moderately wounded.
Natasha completely misses you.
You closely miss Natasha.
Natasha is heavily wounded.
Your transformation is almost over.
Natasha completely misses you.
You hit Natasha but do no damage.
Natasha is heavily wounded.
Natasha casts a spell at you. The magic dart hits you!
You hit Natasha.
Natasha is severely wounded.
Natasha claws you!
You die...

########.# #.
#.## # . ##.###
## .## ##...
#.# ..# ####
#.##.# # #
#.#.##.###. #
#..g......
.######
##.#s##.#..
.......
#.##h##.##...
.######
#.#...........
###
#...##.#####...
#.. ...h #.##
#.# ###. #..#
#.# # ##.# #.#
#.# #.# #.# #.#


You could see Natasha and a hobgoblin.

Vanquished Creatures
  2 ogres (D:3)
  A hound (D:3)
  Natasha (twice) (D:3)
  3 adders
  3 oozes
  2 worms
  2 dart slugs
  3 giant geckos
  4 orcs (D:3)
  2 ball pythons
  3 giant cockroaches (D:3)
  4 goblins
  4 hobgoblins
  2 jackals (D:2)
  6 kobolds
  2 quokkas
  2 bats (D:3)
  4 giant newts
  7 rats
58 creatures vanquished.

Notes
Turn   | Place    | Note
--------------------------------------------------------------
     0 | D:1      | dvd the Felid Transmuter began the quest for the Orb.
     0 | D:1      | Reached XP level 1. HP: 9/9 MP: 4/4
   375 | D:1      | Reached XP level 2. HP: 10/12 MP: 4/6
  1203 | D:2      | Reached skill level 3 in Transmutations
  1203 | D:2      | Reached XP level 3. HP: 7/15 MP: 5/7
  1248 | D:2      | Learned a level 3 spell: Spider Form
  1901 | D:2      | Found an oddly glowing altar of Pakellas.
  2611 | D:3      | Reached XP level 4. HP: 8/19 MP: 5/8
  2809 | D:3      | Noticed an ogre
  2858 | D:3      | Killed an ogre
  2858 | D:3      | Reached XP level 5. HP: 22/22 MP: 6/10
  2938 | D:3      | Noticed Natasha
  2961 | D:3      | Reached skill level 4 in Transmutations
  2964 | D:3      | Killed from afar by Natasha
  2965 | D:3      | Reached XP level 4. HP: -2/19 MP: 7/9
  3048 | D:3      | Noticed an ogre
  3061 | D:3      | Killed an ogre
  3061 | D:3      | Reached skill level 1 in Stealth
  3061 | D:3      | Reached XP level 5. HP: 22/22 MP: 7/11
  3234 | D:3      | Killed Natasha
  3335 | D:3      | Noticed Natasha
  3344 | D:3      | Killed Natasha
  3374 | D:3      | Noticed Natasha
  3385 | D:3      | Slain by Natasha

Vault maps used:
D:1:      lightli_arrival_windingriver, st_stairs_13, fountainhead,
          minmay_misc_feat_roman, minivault_26
D:2:      grunt_pakellas_basics
D:3:      uniq_jessica, uniq_natasha

Skill      XL: |  1  2  3  4  5 |
---------------+----------------+-----
Dodging        | 3 |  3.9
Transmutations | 3 4 |  4.4
Spellcasting   | 3 |  3.6
Fighting       | 2 |  2.1
Stealth        | 1 |  1.1
Unarmed Combat | |  3.9
Poison Magic   | |  0.3

Action                   |  1- 3 |  4- 6 || total
-------------------------+-------+-------++-------
Melee: Unarmed           |    87 |    70 ||   157
 Cast: Beastly Appendage |    23 |     1 ||    24
       Spider Form       |     2 |    16 ||    18
  Use: Potion            |     1 |       ||     1
 Stab: Sleeping          |     2 |     3 ||     5
  Eat: Chunk             |    12 |     8 ||    20
